 Dungeon Crawl Stone Soup version 0.31-a0-816-gd61d57ddb1 (webtiles) character file.

Game seed: 15293749091551088046

39 Nedwor the Ruffian (level 3, -1/33 HPs)
             Began as a Troll Shapeshifter on Sept 22, 2023.
             Slain by a gnoll
             ... wielding a +0 flail of holy wrath
              (11 damage)
             ... on level 2 of the Dungeon.
             The game lasted 00:00:48 (760 turns).

Nedwor the Ruffian (Troll Shapeshifter)              Turns: 760, Time: 00:00:48

Health: -1/33      AC:  4    Str: 24    XL:     3   Next: 28%
Magic:  2/2        EV: 10    Int:  6    God:
Gold:   98         SH:  0    Dex:  9    Spells: 2/2 levels left

rFire   . .          .
                       - Unarmed
rCold   . . .        (no shield)
rNeg    . . .        a - +0 animal skin
rPois   .            (helmet currently unavailable)
rElec   .            (cloak currently unavailable)
rCorr   .            (gloves unavailable)
SInv    .            (boots unavailable)
Will    .....        (no amulet)
Stlth   +            (no ring)
HPRegen 1.05/turn    (no ring)
MPRegen 0.08/turn

%: no passive effects
@: beast-form
A: beast (slay +1), large, unfitting armour, claws 3, regeneration 1, shaggy fur
1, tough skin 1
a: Begin Untransformation


You were on level 2 of the Dungeon.
You were a hulking beast.
You visited 1 branch of the dungeon, and saw 2 of its levels.

You collected 98 gold pieces.

Inventory:

Armour
 a - a +0 animal skin (worn)
Jewellery
 g - a ring of wizardry
Talismans
 c - a beast talisman (active)
 d - a flux talisman
Scrolls
 f - a scroll of poison {unknown}
 h - a scroll of identify {unknown}
 j - a scroll of enchant armour {unknown}
Potions
 b - a potion of lignification
 e - 2 potions of curing {unknown}
 i - a potion of heal wounds {unknown}
 k - a potion of mutation {unknown}


   Skills:
 + Level 1.4 Fighting
 + Level 2.1 Dodging
 + Level 3.3 Unarmed Combat
 + Level 3.3 Shapeshifting


You had 2 spell levels left.
You didn't know any spells.
Your spell library contained the following spells:

 Spells                   Type           Power      Damage    Failure   Level
 Cigotuvi's Dreadful Rot  Necr/Pois/Air  0%         N/A       58%         2
 Poisonous Vapours        Pois/Air       0%         N/A       58%         2
 Ignite Poison            Fire/Tmut/Pois 0%         N/A       83%         3
 Petrify                  Tmut/Erth      0%         N/A       99%         4
 Irradiate                Conj/Tmut      0%         3d11      100%        5


Dungeon Overview and Level Annotations

Branches:
Dungeon (2/15)

Altars:
Yredelemnul


Innate Abilities, Weirdness & Mutations

You are a hulking beast.
Your limbs bulge with bestial killing power. (Slay +1)
You are too large for most types of armour.
You have claws for hands.
Your natural rate of healing is unusually fast.
You are covered in fur. (AC +1)
You have tough skin. (AC +1)


Message History

You are too injured to fight recklessly!
You are too injured to fight recklessly!
You are too injured to fight recklessly!
You are too injured to fight recklessly!
You are too injured to fight recklessly!
You are too injured to fight recklessly!
You are too injured to fight recklessly!
You are too injured to fight recklessly!
You are too injured to fight recklessly!
You are too injured to fight recklessly!
There are monsters nearby!
You are too injured to fight recklessly!
You are too injured to fight recklessly!
You are too injured to fight recklessly!
You claw the gnoll!
The gnoll is severely wounded.
A goblin comes into view. It is wielding a +0 club.
The gnoll hits you with a +0 club.
You claw the gnoll!
You kill the gnoll!
The goblin barely misses you.
A gnoll comes into view.
It is wielding a +0 flail of holy wrath.
Things that are here:
a +0 club; a +0 sling You barely miss the goblin.
The goblin hits you but does no damage. The gnoll hits you with a +0 whip.
You closely miss the gnoll. The goblin hits you with a +0 club.
The gnoll hits you with a +0 whip.
You scratch the gnoll.
The gnoll is moderately wounded.
A worm comes into view.
The goblin hits you with a +0 club.
* * * LOW HITPOINT WARNING * * *
The gnoll closely misses you.
You scratch the gnoll.
The gnoll is heavily wounded.
The goblin misses you.
A gnoll comes into view. It is wielding a +0 whip.
The gnoll hits you with a +0 flail of holy wrath!
You die...

.# w# # #
#.#.#..#.# #.
##.#.#.!..#
g##.........#
..........>.#
#gg._......#
#h.........#
#g.........#
#.###.<...(#
#.###......#
#.?...)....#
##....##...#
#.##.# ...#
#.!#.## ...#
#.##. ..#


You could see a worm, 3 gnolls and a goblin.

Vanquished Creatures
  2 gnolls
  4 bats
  2 endoplasms (D:1)
  A giant cockroach (D:1)
  A goblin (D:1)
  2 hobgoblins (D:1)
  2 quokkas
  2 ball pythons (D:1)
  2 frilled lizards (D:1)
  A kobold (D:1)
  2 rats (D:1)
21 creatures vanquished.

Notes
Turn   | Place    | Note
-------+----------+-------------------------------------------
     0 | D:1      | Nedwor the Troll Shapeshifter began the quest for the Orb.
     0 | D:1      | Reached XP level 1. HP: 18/18 MP: 0/0
   153 | D:1      | Reached skill level 1 in Fighting
   258 | D:1      | Reached XP level 2. HP: 27/27 MP: 1/1
   359 | D:1      | Got a thrumming book
   484 | D:1      | Found a faded altar of an unknown god.
   741 | D:2      | Found a basalt altar of Yredelemnul.
   746 | D:2      | Reached XP level 3. HP: 33/33 MP: 2/2
   760 | D:2      | Slain by a gnoll

Illustrated notes

Levels and vault maps discovered:
D:1:      minmay_arrival_jagged, layout_basic, shapermc_ecumenical_altar_petra
D:2:      layout_basic, basic_altar, minmay_pentomino_z2

Skill      XL: |  1  2 |
---------------+-------+-----
Fighting       | 1 |  1.4
Dodging        | 2 |  2.1
Unarmed Combat | |  3.3
Shapeshifting  | |  3.3

Action                     || total
---------------------------++-------
  Melee: Unarmed           ||    58
 Armour: Animal skin       ||    41
  Dodge: Dodged            ||    28

Table legend: (Time is in decaauts)
 A = Elapsed time spent in this place.
 B = Non-inter-level travel time spent in this place.
 C = Inter-level travel time spent in this place.
 D = Time resting spent in this place.
 E = Time spent auto-exploring this place.
 F = Levels seen in this place.
 G = Mean time per level.
                   A        B        C        D        E       F      G
               +--------+--------+--------+--------+--------+-----+--------+
         Total |    756 |    730 |     26 |      0 |    604 |   2 |  378.0 |
       Dungeon |    756 |    730 |     26 |      0 |    604 |   2 |  378.0 |
               +--------+--------+--------+--------+--------+-----+--------+

Top non-repeatable levels by time:
     D:1: 738 daAuts
     D:2: 18 daAuts
